 Dungeon Crawl Stone Soup version 0.28.0-53-g5a82cb258f (webtiles) character file.

Game seed: 1895377862869463895

33 Eitelfritz the Ducker (level 3, 0/28 HPs)
             Began as a Demonspawn Gladiator on July 15, 2022.
             Succumbed to an adder's poison
             ... on level 2 of the Dungeon.
             The game lasted 00:01:57 (1707 turns).

Eitelfritz the Ducker (Demonspawn Gladiator)        Turns: 1707, Time: 00:01:57

Health: 0/28       AC:  4    Str: 14    XL:     3   Next: 12%
Magic:  3/3        EV: 14    Int:  9    God:
Gold:   15         SH:  0    Dex: 16    Spells: 2/2 levels left

rFire   . . .      SeeInvis .   a - +0 long sword
rCold   . . .      Faith    .   (no shield)
rNeg    . . .      Spirit   .   b - +0 leather armour
rPois   .          Reflect  .   c - +0 helmet
rElec   .          Harm     .   (no cloak)
rCorr   .          Rampage  .   (no gloves)
Will    .....                   (no boots)
Stlth   +.........              (no amulet)
HPRegen 0.09/turn               (no ring)
MPRegen 0.08/turn               (no ring)

@: mighty, lethally poisoned (0 -> -6)
A: repulsion field 1, demonic magic 1
a: no special abilities


You were on level 2 of the Dungeon.
You visited 1 branch of the dungeon, and saw 2 of its levels.

You collected 15 gold pieces.

Inventory:

Hand Weapons
 a - a +0 long sword (weapon)
Missiles
 d - 4 throwing nets (quivered)
 k - 21 stones
Armour
 b - a +0 leather armour (worn)
 c - a +0 helmet (worn)
Magical Staves
 m - a staff of poison
Scrolls
 e - 2 scrolls of identify {unknown}
 h - a scroll of summoning {unknown}
 l - a scroll of immolation {unknown}
 o - a scroll of amnesia {unknown}
Potions
 f - a potion of might
 g - a potion of heal wounds {unknown}
 i - a potion of brilliance {unknown}
 j - a potion of curing {unknown}
 n - a potion of magic {unknown}


   Skills:
 + Level 2.4 Fighting
 + Level 3.1 Long Blades
 + Level 1.7 Throwing
 + Level 0.2 Armour
 + Level 3.2 Dodging


You had 2 spell levels left.
You didn't know any spells.
Your spell library was empty.

Dungeon Overview and Level Annotations

Branches:
Dungeon (2/15)

Altars:


Innate Abilities, Weirdness & Mutations

You are surrounded by a mild repulsion field. (EV +2)
Spells you cast may paralyse adjacent enemies.


Message History

The adder bites you but does no damage.
You miss the adder. The adder barely misses you.
You closely miss the adder. The adder bites you. The adder misses you.
You hit the adder but do no damage. The adder bites you.
You are poisoned.
The adder poisons you!
You hit the adder.
The adder is moderately wounded.
You feel sick. The adder barely misses you.
The adder bites you but does no damage.
You closely miss the adder.
The adder is moderately wounded.
You feel sick. The adder bites you. x2
You are more poisoned.
The adder poisons you!
You miss the adder.
The adder is moderately wounded.
You feel very sick. The adder bites you but does no damage.
You miss the adder.
The adder is moderately wounded.
You feel sick. The adder closely misses you. The adder barely misses you.
You hit the adder.
The adder is severely wounded.
You feel sick. The adder bites you.
* * * LOW HITPOINT WARNING * * *
You are more poisoned.
The adder poisons you! The adder bites you but does no damage.
You slash the adder!
You kill the adder!
* * * LOW HITPOINT WARNING * * *
You feel very sick.
You have reached level 3!
Your experience leads to an increase in your attributes!
Increase (S)trength, (I)ntelligence, or (D)exterity?
You feel agile. x2; Your demonic ancestry asserts itself...
You begin to radiate repulsive energy.
It was a potion of might.
You feel very mighty all of a sudden.
You die...

+ .. #.# #
. #.#
#.###.####
#.......#
#.##.##.#
#.##.# #
#....#
#.#### #@#
#.†.....#
#.#######
#.# ..#
###


There were no monsters in sight!

Vanquished Creatures
  An adder (D:2)
  A worm (D:1)
  A ball python (D:1)
  2 endoplasms
  A giant cockroach (D:1)
  3 goblins (D:1)
  3 hobgoblins (D:1)
  2 bats (D:2)
  3 frilled lizards (D:1)
  2 kobolds (D:1)
  3 rats
22 creatures vanquished.

Notes
Turn   | Place    | Note
-------+----------+-------------------------------------------
     0 | D:1      | Eitelfritz the Demonspawn Gladiator began the quest for the
                  | Orb.
     0 | D:1      | Reached XP level 1. HP: 16/16 MP: 1/1
   443 | D:1      | Gained mutation: Spells you cast may paralyse adjacent
                  | enemies. [demonic ancestry]
   443 | D:1      | Reached XP level 2. HP: 13/22 MP: 2/2
  1706 | D:2      | HP: 1/23 [poisoned by an adder]
  1707 | D:2      | Gained mutation: You are surrounded by a mild repulsion
                  | field. (EV +2) [demonic ancestry]
  1707 | D:2      | Reached XP level 3. HP: 1/28 MP: 3/3
  1707 | D:2      | Succumbed to an adder's poison

Illustrated notes

Levels and vault maps discovered:
D:1:      dpeg_arrival_brainrot, layout_loops_ring
D:2:      layout_loops_corners, chequers_serial_rivers_micro_b

Skill      XL: |  1  2 |
---------------+-------+-----
Dodging        | 3 |  3.2
Long Blades    | 3 |  3.1
Fighting       | |  2.4
Throwing       | |  1.7
Armour         | |  0.2

Action                   || total
-------------------------++-------
Melee: Long sword        ||    90
       Punch             ||     1
  Use: Potion            ||     1
Armor: Leather armour    ||    42
Dodge: Dodged            ||    72
